 Dungeon Crawl Stone Soup version 0.28.0-47-ge53b351184 (webtiles) character file.

Game seed: 17017460978600341775

2508 Cykl0x the Geomancer (level 9, -2/49 HPs)
             Began as a Gargoyle Earth Elementalist on Apr 27, 2022.
             Was an Initiate of Vehumet.
             Slain by an unseen horror (9 damage)
             ... on level 7 of the Dungeon.
             The game lasted 00:16:19 (7407 turns).

Cykl0x the Geomancer (Gargoyle Earth Elementalist)  Turns: 7407, Time: 00:16:19

Health: -2/49      AC: 20    Str: 14    XL:     9   Next: 53%
Magic:  15/19      EV: 11    Int: 18    God:    Vehumet [......]
Gold:   519        SH:  0    Dex: 10    Spells: 13/21 levels left

rFire   + + .      SeeInvis .   m - +0 mace (elec)
rCold   . . .      Faith    .   (no shield)
rNeg    + . .      Spirit   .   u - +7 ring mail "Cosaas" {rF+ Stlth+}
rPois   ∞          Reflect  .   (no helmet)
rElec   +          Harm     .   (no cloak)
rCorr   .          Rampage  .   (no gloves)
Will    .....                   i - +0 pair of boots
Stlth   ++........              (no amulet)
HPRegen 0.16/turn               a - +4 ring of slaying
MPRegen 0.16/turn               v - ring of protection from fire

@: no status effects
A: sickness immunity, AC +6, negative energy resistance 1, electricity
resistance, torment resistance 1, petrification resistance
a: Renounce Religion


You were on level 7 of the Dungeon.
You worshipped Vehumet.
Vehumet was noncommittal.
You visited 2 branches of the dungeon, and saw 8 of its levels.
You also visited: Sewer.

You collected 519 gold pieces.

Inventory:

Hand Weapons
 m - a +0 mace of electrocution (weapon)
Missiles
 c - 187 stones
Armour
 i - a +0 pair of boots (worn)
 u - the +7 ring mail "Cosaas" (worn) {rF+ Stlth+}
   (You found it on level 5 of the Dungeon)

   rF:        It protects you from fire.
   Stlth:     It makes you more stealthy.
Jewellery
 a - a +4 ring of slaying (left hand)
 l - a ring of ice
 v - a ring of protection from fire (right hand)
Wands
 q - a wand of paralysis (6)
 x - a wand of flame (7)
Scrolls
 e - 3 scrolls of vulnerability
 n - 3 scrolls of identify
 p - 2 scrolls of blinking
 s - a scroll of fog
Potions
 d - 3 potions of flight
 f - 3 potions of haste
 j - 5 potions of curing
 t - a potion of lignification
 z - a potion of berserk rage


   Skills:
 * Level 2.7 Fighting
 + Level 2.0 Maces & Flails
 + Level 2.2 Armour
 + Level 2.4 Dodging
 - Level 2.1 Stealth
 + Level 6.8 Spellcasting
 * Level 6.1 Conjurations
 - Level 0.7 Transmutations
 + Level 9.2 Earth Magic
 + Level 0.1 Evocations


You had 13 spell levels left.
You knew the following spells:

 Your Spells              Type           Power      Damage    Failure   Level
a - Sandblast             Erth           78%        2d17      1%          1
b - Passwall              Tmut/Erth      20%        N/A       4%          2
c - Stone Arrow           Conj/Erth      66%        3d11      2%          3
d - Blink                 Tloc           12%        N/A       32%         2

Your spell library contained the following spells:

 Spells                   Type           Power      Damage    Failure   Level
 Petrify                  Tmut/Erth      24%        N/A       28%         4
 Lesser Beckoning         Tloc           6%         N/A       54%         3
 Tukima's Dance           Hex            6%         N/A       54%         3
 Passage of Golubria      Tloc           6%         N/A       91%         4
 Manifold Assault         Tloc           6%         N/A       99%         5
 Yara's Violent Unravell  Hex/Tmut       3%         3d4       99%         5


Dungeon Overview and Level Annotations

Branches:
Dungeon (7/15)             Temple (1/1) D:6           Sewer (visited)

Altars:
Ashenzari
Cheibriados
Gozag
Trog
Vehumet
The Shining One

Shops:
D:5 (([


Innate Abilities, Weirdness & Mutations

You are immune to sickness and miasma.
Your stone body is resilient. (AC +6)
You are immune to poison.
You resist negative energy. (rN+)
You are resistant to electric shocks. (rElec)
You are resistant to unholy torment.
You are immune to petrification.


Message History

Aim: a bullfrog (almost dead, 77% to hit)
The blast of sand hits the bullfrog!!
You kill the bullfrog!
Vehumet accepts your kill. Something hits you but does no damage.
The water moccasin misses you. Something hits you but does no damage.
Your Conjurations skill increases to level 6!
Casting: Sandblast (safe; 1% risk of failure)
Confirm with . or Enter, or press ? or * to list all spells.
Aiming: Sandblast (safe; 1% risk of failure)
Press: ? - help, Shift-Dir - straight line, f - water moccasin
Aim: a water moccasin (70% to hit)
The blast of sand misses the water moccasin.
Something hits you.
* * * LOW HITPOINT WARNING * * *
The water moccasin closely misses you. x2
Casting: Sandblast (safe; 1% risk of failure)
Confirm with . or Enter, or press ? or * to list all spells.
Aiming: Sandblast (safe; 1% risk of failure)
Press: ? - help, Shift-Dir - straight line, f/p - water moccasin
Aim: a water moccasin (70% to hit)
The blast of sand hits the water moccasin!
The water moccasin is heavily wounded.
Something hits you.
* * * LOW HITPOINT WARNING * * *
The water moccasin bites you but does no damage.
Casting: Sandblast (safe; 1% risk of failure)
Confirm with . or Enter, or press ? or * to list all spells.
Aiming: Sandblast (safe; 1% risk of failure)
Press: ? - help, Shift-Dir - straight line, f/p - water moccasin
Aim: a water moccasin (heavily wounded, 70% to hit)
The blast of sand hits the water moccasin!!
You kill the water moccasin!
Vehumet accepts your kill. Something hits you but does no damage.
Something hits you but does no damage. Something hits you.
* * * LOW HITPOINT WARNING * * *
You completely miss something. Something hits you!
You die...

#... ..# ..# # ♣ ♣.#
.# ♣. ♣.## ..# ♣.♣
#♣..# ...## ... ♣♣♣
♣.♣♣♣)..# ###......
...
..♣♣♣......###.†......
#..
♣.♣.♣♣♣...@...†.#####
.. ♣.♣# #♣......### #.
♣)♣ ♣..##### #.♣#
#♣.♣# ♣.##
#.†♣♣♣.).♣♣♣..#
#....)))......#
#..##.##...####
#..##.......#
#..#####....(..


There were no monsters in sight!

Vanquished Creatures
  Grinder (D:6)
  Eustachio (D:6)
  A water moccasin (D:7)
  An ice beast (D:6)
  2 black bears (D:5)
  A necrophage (D:5)
  3 ogres
  3 bullfrogs
  A gnoll sergeant (D:6)
  3 scorpions
  A wyvern skeleton (D:6)
  5 wights (D:7)
  A howler monkey (D:7)
  A centaur zombie (D:6)
  A centaur skeleton (D:6)
  A jelly (D:6)
  An orc priest (D:5)
  3 hounds (D:5)
  Terence (D:3)
  A bullfrog skeleton (D:5)
  3 iguanas
  4 orc wizards
  A scorpion zombie (D:5)
  A hound skeleton (D:4)
  4 gnolls
  6 adders
  3 shadow imps
  A white imp (D:7)
  An ufetubus (D:5)
  2 worms
  A dart slug (D:3)
  11 orcs
  8 bats
  14 endoplasms
  14 giant cockroaches
  9 goblins
  9 hobgoblins
  12 quokkas
  7 ball pythons (Sewer)
  8 frilled lizards
  8 kobolds
  5 rats
165 creatures vanquished.

Notes
Turn   | Place    | Note
-------+----------+-------------------------------------------
     0 | D:1      | Cykl0x the Gargoyle Earth Elementalist began the quest for
                  | the Orb.
     0 | D:1      | Reached XP level 1. HP: 10/10 MP: 3/3
   363 | D:1      | Found a faded altar of an unknown god.
   484 | D:1      | Reached XP level 2. HP: 15/15 MP: 3/5
   516 | D:1      | Reached skill level 4 in Earth Magic
   519 | D:1      | Learned a level 2 spell: Passwall
   947 | D:2      | Reached skill level 1 in Conjurations
  1093 | D:2      | Reached XP level 3. HP: 12/19 MP: 1/6
  1097 | D:2      | Learned a level 3 spell: Stone Arrow
  2060 | D:2      | Reached XP level 4. HP: 22/24 MP: 1/8
  2405 | D:3      | HP: 1/24 [something/magic dart (7)]
  2414 | D:3      | Reached skill level 5 in Earth Magic
  2683 | D:3      | Noticed Terence
  2690 | D:3      | Killed Terence
  2691 | D:3      | Reached XP level 5. HP: 26/28 MP: 0/9
  3248 | D:4      | You fall into a shaft and drop 2 floors!
  3248 | D:6      | Noticed an ice beast
  3253 | D:6      | Killed an ice beast
  3254 | D:6      | Reached skill level 6 in Earth Magic
  3254 | D:6      | Reached XP level 6. HP: 18/32 MP: 2/11
  3255 | D:6      | Identified the +0 robe "Ustifau" {Will+}
  3411 | D:6      | Noticed Grinder
  3412 | D:6      | Found a staircase to the Ecumenical Temple.
  3412 | D:6      | Noticed Eustachio
  3413 | D:6      | Paralysed by Grinder for 2 turns
  3418 | D:5      | Entered Level 5 of the Dungeon
  3544 | D:4      | Learned a level 2 spell: Blink
  3712 | D:4      | Found a glowing drain.
  3732 | Sewer    | Entered a sewer
  4143 | Sewer    | Reached XP level 7. HP: 36/36 MP: 9/13
  4709 | Sewer    | Reached skill level 1 in Maces & Flails
  5372 | D:5      | Identified the +7 ring mail "Cosaas" {rF+ Stlth+}
  5443 | D:5      | Reached skill level 7 in Earth Magic
  5543 | D:5      | Reached skill level 5 in Spellcasting
  5550 | D:5      | Reached XP level 8. HP: 42/42 MP: 6/15
  5754 | D:5      | Found Ihaidd's Armour Shop.
  5754 | D:5      | Found Deliwath's Antique Weapon Shoppe.
  5831 | D:5      | Found a bloodstained altar of Trog.
  5842 | D:5      | Reached skill level 1 in Fighting
  5925 | D:5      | Reached skill level 8 in Earth Magic
  6267 | D:5      | Found Iresh's Firing Range.
  6458 | Temple   | Entered the Ecumenical Temple
  6525 | Temple   | Became a worshipper of Vehumet
  6546 | D:6      | Killed Eustachio
  6547 | D:6      | Reached skill level 5 in Conjurations
  6604 | D:6      | Paralysed by Grinder for 2 turns
  6612 | D:6      | Killed Grinder
  6613 | D:6      | Reached skill level 1 in Armour
  6613 | D:6      | Reached XP level 9. HP: 47/48 MP: 1/18
  7226 | D:7      | Reached skill level 9 in Earth Magic
  7407 | D:7      | Slain by an unseen horror

Illustrated notes

Levels and vault maps discovered:
D:1:      dpeg_arrival_shelter, layout_basic,
          hellmonk_ecumenical_altar_lost_god, due_unseen_surprise
D:2:      cheibrodos_greedy_goblins, layout_loops_ring, chequers_arboretum
D:3:      layout_rooms, kennysheep_boxes, uniq_terence
D:4:      layout_loops_ring, portal_sewer_entry_f
D:5:      layout_cave_pods, trog_ov_bears_minmay, serial_shops, shop, shop,
          st_stairs_10, minmay_misc_feat_square, mumra_transporter_accident,
          nicolae_shop_firing_range
D:6:      layout_rooms, minmay_temple_entry_wispy, uniq_grinder, uniq_eustachio
D:7:      layout_layer_cave, eino_small_chamber_without_monster,
          minmay_stone_trees_medium, minmay_manual_monolith
Temple:   mainiacjoe_temple_bowtie_tessellation

Skill      XL: |  1  2  3  4  5  6  7  8  9 |
---------------+----------------------------+-----
Earth Magic    | 4 5 6 7 8 9 |  9.2
Conjurations   | 1 2 4 5 6 |  6.1
Spellcasting   | 3 4 5 6 |  6.8
Dodging        | 2 |  2.4
Maces & Flails | 1 2 |  2.0
Fighting       | 2 |  2.7
Armour         | 1 2 |  2.2
Stealth        | |  2.1
Transmutations | |  0.7
Evocations     | |  0.1

Action                   |  1- 3 |  4- 6 |  7- 9 || total
-------------------------+-------+-------+-------++-------
Melee: Whip              |    34 |    12 |       ||    46
       Punch             |     1 |     2 |       ||     3
       Mace              |       |    19 |    34 ||    53
 Cast: Sandblast         |    37 |    38 |    84 ||   159
       Passwall          |     2 |       |       ||     2
       Stone Arrow       |     8 |    24 |    46 ||    78
       Blink             |       |     1 |       ||     1
Evoke: Wand              |       |       |     2 ||     2
  Use: Scroll            |     1 |     4 |     4 ||     9
       Potion            |       |     3 |       ||     3
Armor: Robe              |    14 |    17 |     5 ||    36
       Ring mail         |       |       |    68 ||    68
Dodge: Dodged            |    25 |    30 |    34 ||    89
